 Dungeon Crawl Stone Soup version 0.29-a0-819-g94b489e0ae (webtiles) character file.

Game seed: 8730794117480863283

30 Derenoc the Ruffian (level 3, -2/36 HPs)
             Began as a Troll Monk on July 6, 2022.
             Slain by a hobgoblin (6 damage)
             ... led by Robin
             ... on level 2 of the Dungeon.
             The game lasted 00:04:48 (798 turns).

Derenoc the Ruffian (Troll Monk)                     Turns: 798, Time: 00:04:48

Health: -2/36      AC:  4    Str: 21    XL:     3   Next: 5%
Magic:  2/2        EV: 10    Int:  6    God:
Gold:   50         SH:  0    Dex: 12    Spells: 2/2 levels left

rFire   . . .      SeeInvis .     - Unarmed
rCold   . . .      Faith    .   (no shield)
rNeg    . . .      Spirit   .   a - +0 robe
rPois   .          Reflect  .   (helmet restricted)
rElec   .          Harm     .   (no cloak)
rCorr   .          Rampage  .   (gloves unavailable)
Will    .....                   (boots unavailable)
Stlth   ++........              (no amulet)
HPRegen 0.92/turn               d - ring of wizardry
MPRegen 0.08/turn               (no ring)

@: no status effects
A: large, unfitting armour, claws 3, regeneration 1, shaggy fur 1, tough skin 1
a: no special abilities


You were on level 2 of the Dungeon.
You visited 1 branch of the dungeon, and saw 2 of its levels.

You collected 50 gold pieces.

Inventory:

Armour
 a - a +0 robe (worn)
Jewellery
 d - a ring of wizardry (left claw)
Scrolls
 c - 3 scrolls of silence {unknown}
 f - a scroll of amnesia {unknown}
 i - a scroll of magic mapping {unknown}
Potions
 b - a potion of ambrosia
 e - a potion of curing {unknown}
 g - a potion of heal wounds {unknown}
 h - 2 potions of magic {unknown}


   Skills:
 - Level 2.5 Fighting
 - Level 2.5 Dodging
 - Level 1.0 Stealth
 * Level 4.0 Unarmed Combat


You had 2 spell levels left.
You didn't know any spells.
Your spell library contained the following spells:

 Spells                   Type           Power      Damage    Failure   Level
 Alistair's Intoxication  Tmut/Pois      0%         N/A       99%         5
 Borgnjor's Vile Clutch   Necr/Erth      0%         N/A       99%         5
 Eringya's Noxious Bog    Tmut/Pois      0%         N/A       100%        6


Dungeon Overview and Level Annotations

Branches:
Dungeon (2/15)

Altars:

Shops:
D:1 !


Innate Abilities, Weirdness & Mutations

You are too large for most types of armour.
You have claws for hands.
Your natural rate of healing is unusually fast.
You are covered in fur. (AC +1)
You have tough skin. (AC +1)


Message History

Robin roars a battlecry!
A goblin comes into view. It is wielding a +0 dagger.
You hear a shout!
You claw Robin! You claw Robin.
Robin is severely wounded.
The goblin completely misses you. Robin closely misses you.
You scratch Robin.
Robin is almost dead.
The goblin hits you with a +0 dagger. Robin hits you with a +0 spear.
You claw Robin!
You kill Robin!
The goblin hits you with a +0 dagger.
The goblin unwields a +0 dagger.
The goblin wields a +0 sling.
The goblin shoots a sling bullet.
The sling bullet hits you.
Your Unarmed Combat skill increases to level 4!
You have reached level 3!
Your experience leads to an increase in your attributes!
Increase (S)trength, (I)ntelligence, or (D)exterity?
You feel stronger. x3
You scratch the goblin but do no damage.
The goblin misses you. The goblin hits you but does no damage.
You closely miss the goblin.
A hobgoblin comes into view.
The goblin hits you with a +0 dagger. The goblin hits you with a +0 club.
You barely miss the goblin. The goblin hits you with a +0 dagger.
The goblin hits you with a +0 club.
* * * LOW HITPOINT WARNING * * *
You scratch the goblin but do no damage.
The goblin hits you with a +0 dagger.
* * * LOW HITPOINT WARNING * * *
The goblin hits you but does no damage.
You claw the goblin!
You kill the goblin!
A hobgoblin comes into view.
The goblin hits you with a +0 dagger.
* * * LOW HITPOINT WARNING * * *
You barely miss the goblin. The hobgoblin closely misses you.
The goblin hits you but does no damage.
You closely miss the goblin. The hobgoblin hits you.
You die...

######.#
### #.#
##.###.#
####...##.#
+.........#
#.##...##.#
#.###.###.#
#g# ### #.#
#@# ..# #g#
#.#


#gg ..# #### ### You could see 2 hobgoblins and 2 goblins.

Vanquished Creatures
  Robin (D:2)
  A bat (D:1)
  3 endoplasms (D:1)
  3 giant cockroaches (D:1)
  2 hobgoblins
  A ball python (D:1)
  4 goblins
  A kobold (D:1)
  2 rats (D:1)
18 creatures vanquished.

Notes
Turn   | Place    | Note
-------+----------+-------------------------------------------
     0 | D:1      | Derenoc the Troll Monk began the quest for the Orb.
     0 | D:1      | Reached XP level 1. HP: 22/22 MP: 0/0
   267 | D:1      | Reached XP level 2. HP: 26/29 MP: 1/1
   273 | D:1      | Found Qedopnod's Distillery.
   782 | D:2      | Noticed Robin
   791 | D:2      | Killed Robin
   792 | D:2      | Reached skill level 4 in Unarmed Combat
   792 | D:2      | Reached XP level 3. HP: 18/36 MP: 2/2
   798 | D:2      | Slain by a hobgoblin

Illustrated notes

Levels and vault maps discovered:
D:1:      lightli_arrival_quake, layout_loops_ring, serial_shops,
          nicolae_lakefront_shop, item_on_display_a
D:2:      layout_loops_corners, shapermc_ecumenical_altar_notcrosses,
          uniq_sigmund, uniq_robin

Skill      XL: |  1  2 |
---------------+-------+-----
Unarmed Combat | 4 |  4.0
Fighting       | |  2.5
Dodging        | |  2.5
Stealth        | |  1.0

Action                   || total
-------------------------++-------
Melee: Unarmed           ||    51
       Punch             ||     1
Armor: Robe              ||    14
Dodge: Dodged            ||    20

Table legend: (Time is in decaauts)
 A = Elapsed time spent in this place.
 B = Non-inter-level travel time spent in this place.
 C = Inter-level travel time spent in this place.
 D = Time resting spent in this place.
 E = Time spent auto-exploring this place.
 F = Levels seen in this place.
 G = Mean time per level.
                   A        B        C        D        E       F      G
               +--------+--------+--------+--------+--------+-----+--------+
         Total |    794 |    776 |     18 |      0 |    625 |   2 |  397.0 |
       Dungeon |    794 |    776 |     18 |      0 |    625 |   2 |  397.0 |
               +--------+--------+--------+--------+--------+-----+--------+

Top non-repeatable levels by time:
     D:1: 749 daAuts
     D:2: 45 daAuts
